 Dungeon Crawl Stone Soup version 0.19.0-2-gae57169 (webtiles) character file.

326 Gingerlord the Poker (level 6, 0/47 HPs)
             Began as a Human Wanderer on Nov 7, 2016.
             Slain by a crimson imp (2 damage)
             ... on level 5 of the Dungeon.
             The game lasted 00:10:06 (5315 turns).

Gingerlord the Poker (Human Wanderer)               Turns: 5315, Time: 00:10:07

Health: 0/47       AC: 11    Str: 14    XL:     6   Next: 78%
Magic:  15/15      EV:  7    Int: 14    God:
Gold:   153        SH:  0    Dex: 11    Spells: 0 memorised, 5 levels left

rFire  . . .     SeeInvis .     q - +0 halberd
rCold  . . .     Gourm    .     t - +0 chain mail
rNeg   . . .     Faith    .     (shield currently unavailable)
rPois  .         Spirit   .     n - +1 helmet
rElec  .         Reflect  .     (no cloak)
rCorr  .         Harm     .     (no gloves)
MR     +....                    (no boots)
Stlth  ..........               (no amulet)
                                l - ring of protection from magic
                                h - ring of magical power

@: lethally poisoned (0 -> -1)
A: no striking features
a: no special abilities


You were on level 5 of the Dungeon.
You were very hungry.

You visited 2 branches of the dungeon, and saw 6 of its levels.

You collected 153 gold pieces.

Inventory:

Hand Weapons
 a - a +2 spear
 q - a +0 halberd (weapon)
Armour
 e - a +0 robe
 n - a +1 helmet (worn)
 t - a +0 chain mail (worn)
Jewellery
 h - a ring of magical power (left hand)
 l - a ring of protection from magic (right hand)
Scrolls
 b - 4 scrolls of remove curse
 c - 2 scrolls of fog
 d - 2 scrolls of identify
 g - a scroll of noise {unknown}
 i - 3 scrolls of amnesia
Potions
 r - a potion of brilliance
Comestibles
 f - 2 bread rations
 j - 3 meat rations
 o - 4 slices of pizza


   Skills:
 + Level 3.2 Fighting
 + Level 4.1 Polearms
   Level 2.0 Crossbows
 + Level 3.5 Armour
 + Level 3.1 Dodging
 - Level 1.0 Stealth
   Level 1.0 Shields


You had 5 spell levels left.
You didn't know any spells.

Dungeon Overview and Level Annotations

Branches:
Dungeon (5/15)             Temple (1/1) D:4

Altars:
Ashenzari
Cheibriados
Dithmenos
Fedhas
Makhleb
Nemelex Xobeh
Okawaru
Qazlal
Sif Muna
Vehumet
Yredelemnul
The Shining One

Annotations:
D:5 Eustachio


Message History

Found a mace.
You see here 13 gold pieces.
The jackal bites you but does no damage.
Found a falchion.
The quokka bites you but does no damage.
* * * LOW HITPOINT WARNING * * *
You feel sick.
The jackal bites you but does no damage.
Okay, then.
The quokka barely misses you.
Eustachio gestures wildly while chanting.
Eustachio blinks!
The jackal bites you but does no damage.
A crimson imp comes into view.
* * * LOW HITPOINT WARNING * * *
You feel sick.
The crimson imp shouts!
Found 24 stones.
The crimson imp hits you.
You die...

#.......## .# .......#
###.#### ≈≈≈..#
#.......≈###≈..#
#.....#..'_'...###
#.....##≈###≈..(.##
#....(##≈≈≈≈≈..#...
#.....##.....5.....
#5@...###....[##5.#
#.h...# ##...###r$#
######r##### ##### #..#
#.....h.r## #.@#
#.####.#5.# ###r.#
#.%.rr## #..r.#
#...#...########?#...
#...###...#...r.@....#
#..........@.§###r$.#...


You could see a crimson imp, a quokka and 2 jackals.

Vanquished Creatures
  An orc priest (D:4)
  A centaur skeleton (D:5)
  An orc wizard (D:4)
  A worker ant (D:4)
  3 gnolls (D:3)
  7 adders
  2 oozes (D:3)
  An adder skeleton (D:4)
  4 leopard geckos
  12 orcs
  5 giant cockroaches
  6 goblins
  8 hobgoblins
  8 kobolds
  3 quokkas
  A ball python (D:1)
  5 bats
  10 frilled lizards
  41 rats
120 creatures vanquished.

Notes
Turn   | Place    | Note
-------+----------+-------------------------------------------
     0 | D:1      | Gingerlord the Human Wanderer began the quest for the Orb.
     0 | D:1      | Gingerlord set off with: a +2 spear, a potion of curing, a +0 hand crossbow, 23 bolts, a +0 robe, a bread ration
     0 | D:1      | Reached XP level 1. HP: 16/16 MP: 1/1
   210 | D:1      | Reached XP level 2. HP: 18/22 MP: 2/2
   267 | D:1      | Reached skill level 1 in Dodging
   419 | D:1      | Reached XP level 3. HP: 12/27 MP: 3/3
   871 | D:2      | Found a shattered altar of Ashenzari.
  1157 | D:2      | Reached XP level 4. HP: 11/33 MP: 4/4
  1545 | D:2      | Reached skill level 3 in Polearms
  2317 | D:3      | Reached XP level 5. HP: 13/39 MP: 5/5
  2609 | D:3      | Found a shadowy altar of Dithmenos.
  3453 | D:3      | Reached XP level 6. HP: 28/46 MP: 6/6
  4400 | D:4      | Reached skill level 4 in Polearms
  4719 | D:4      | Found a staircase to the Ecumenical Temple.
  4744 | D:4      | Noticed a slave
  4745 | D:4      | Noticed a slave
  4747 | D:4      | Noticed a slave
  4747 | D:4      | Noticed a slave
  4754 | Temple   | Entered the Ecumenical Temple
  5086 | D:4      | Noticed an ogre
  5094 | D:5      | Entered Level 5 of the Dungeon
  5208 | D:5      | Found a shattered altar of Ashenzari.
  5264 | D:5      | Noticed Eustachio
  5303 | D:5      | Found an iron altar of Okawaru.
  5306 | D:5      | HP: 2/47 [poisoned by Eustachio]
  5313 | D:5      | HP: 1/47 [poisoned by Eustachio]
  5315 | D:5      | Slain by a crimson imp

Skill      XL: |  1  2  3  4  5  6 |
---------------+-------------------+-----
Dodging        | 1 2 3 |  3.1
Polearms       | 3 4 |  4.1
Armour         | 3 |  3.5
Fighting       | 3 |  3.2
Crossbows      | |  2.0
Stealth        | |  1.0
Shields        | |  1.0

Action                   |  1- 3 |  4- 6 || total
-------------------------+-------+-------++-------
Melee: Spear             |   117 |    63 ||   180
       Halberd           |       |   273 ||   273
  Use: Potion            |     1 |     6 ||     7
       Scroll            |       |     7 ||     7
 Stab: Sleeping          |     5 |       ||     5
  Eat: Chunk             |       |    12 ||    12
       Pizza             |       |     1 ||     1
Armor: Robe              |    17 |     7 ||    24
       Chain mail        |       |   183 ||   183
Dodge: Dodged            |    51 |   136 ||   187
